 Dungeon Crawl Stone Soup version 0.32-a0-918-g0f22ef8d61 (webtiles) character file.

Game seed: 10521733411113942940

1594 Cobbler the Grappler (level 8, -19/59 (62) HPs)
             Began as a Black Draconian Shapeshifter on Apr 11, 2024.
             Was an Initiate of Hepliaklqana.
             Killed by an exploding orc zombie (34 damage)
             ... ignited by their inner flame
             ... in an ossuary.
             The game lasted 00:22:47 (5758 turns).

Cobbler the Grappler (Black Draconian Shapeshifter) Turns: 5758, Time: 00:22:49

HP:   -19/59 (62)   AC:  6    Str: 19    XL:     8   Next: 62%
MP:   8/8           EV: 12    Int: 16    God:    Hepliaklqana [......]
Gold: 334           SH:  0    Dex: 11    Spells: 7/7 levels left

rFire   . .          .
                       - Unarmed
rCold   . . .        (no shield)
rNeg    . . .        (body armour unavailable)
rPois   .            (helmet currently unavailable)
rElec   +            (cloak currently unavailable)
rCorr   +            (gloves currently unavailable)
SInv    .            (boots currently unavailable)
Will    .....        s - amulet of regeneration
Stlth   ++           i - ring of resist corrosion
HPRegen 1.09/turn    f - +6 ring of intelligence
MPRegen 0.11/turn

%: no passive effects
@: beast-form, lightly drained
A: beast (slay +2), galvanic breath, AC +6, unfitting armour, electricity
resistance, cold-blooded
a: Galvanic Breath, Begin Untransformation, Renounce Religion


You were in an ossuary.
You worshipped Hepliaklqana.
Hepliaklqana was noncommittal.
You were a hulking beast.
You visited 2 branches of the dungeon, and saw 8 of its levels.
You also visited: Sewer and Ossuary.

You collected 334 gold pieces.

Inventory:

Jewellery
 f - a +6 ring of intelligence (right hand)
 i - a ring of resist corrosion (left hand)
 n - a ring of protection from cold
 s - an amulet of regeneration (around neck)
 x - a ring of wizardry
Talismans
 b - a beast talisman (active)
 c - a flux talisman
Wands
 B - a wand of iceblast (9)
Scrolls
 d - a scroll of silence {unknown}
 e - 3 scrolls of teleportation
 k - 3 scrolls of fog
 m - a scroll of blinking {unknown}
 o - 2 scrolls of enchant armour {unknown}
 q - 3 scrolls of fear
 r - 3 scrolls of identify {unknown}
 t - 2 scrolls of noise {unknown}
 u - 2 scrolls of immolation
 w - a scroll of butterflies {unknown}
 y - a scroll of enchant weapon {unknown}
 C - a scroll of vulnerability {unknown}
Potions
 a - 2 potions of lignification
 g - 4 potions of curing {unknown}
 h - 3 potions of heal wounds
 j - a potion of cancellation {unknown}
 l - a potion of mutation {unknown}
 p - 2 potions of enlightenment
 v - 2 potions of degeneration
 z - a potion of brilliance {unknown}
 A - 3 potions of haste {unknown}


   Skills:
 + Level 2.9 Fighting
 + Level 4.7 Dodging
 + Level 2.1 Stealth
 + Level 8.7 Unarmed Combat
 + Level 4.6 Shapeshifting


You had 7 spell levels left.
You didn't know any spells.
Your spell library contained the following spells:

 Spells                   Type           Power      Damage    Failure   Level
 Anguish                  Hex/Necr       0%         N/A       94%         4
 Cause Fear               Hex            0%         N/A       94%         4
 Fireball                 Conj/Fire      0%         3d3       100%        5
 Enfeeble                 Hex            0%         N/A       100%        7
 Dragon's Call            Summ           0%         N/A       100%        9


Dungeon Overview and Level Annotations

Branches:
Dungeon (7/15)             Temple (1/1) D:6           Sewer (visited)
Ossuary (1/1)

Altars:
Ashenzari
Dithmenos
Hepliaklqana
Kikubaaqudgha
Makhleb
Nemelex Xobeh
Qazlal
Ru
Sif Muna
Uskayaw
Xom
The Shining One

Shops:
D:5 *

Annotations:
D:7 Jeremiah


Innate Abilities, Weirdness & Mutations

You are a hulking beast.
Your limbs bulge with bestial killing power. (Slay +2)
You can breathe arcing electricity.
Your glossy black scales are hard. (AC +6)
You cannot fit into any form of body armour.
You are resistant to electric shocks. (rElec)
You are cold-blooded and may be slowed by cold attacks.


Message History

The burial acolyte drones a funeral chant.
The gnoll zombie is empowered.
There is a large open door here.
You hit the gnoll zombie.
The gnoll zombie is moderately damaged.
The gnoll zombie hits you but does no damage.
You hit the gnoll zombie. You tail-slap the gnoll zombie.
The gnoll zombie is heavily damaged.
You punch the gnoll zombie!
You destroy the gnoll zombie!
You punch the burial acolyte! You tail-slap the burial acolyte.
The burial acolyte is severely wounded.
An orc zombie comes into view.
The burial acolyte utters a dark prayer and points at you.
Your life force is offered up.
The burial acolyte is healed.
You miss the burial acolyte.
The burial acolyte is moderately wounded.
The burial acolyte hits you with a +2 dagger of draining.
You feel drained.
As you read the scroll labelled JYIGOQ QISAA, it crumbles to dust.
The creatures around you are filled with an inner flame!
It was a scroll of immolation.
The burial acolyte hits you with a +2 dagger of draining.
You feel drained.
You hit the burial acolyte.
Flame seeps out of the burial acolyte.
The burial acolyte is heavily wounded.
The orc zombie barely misses you.
You barely miss the burial acolyte.
The burial acolyte is heavily wounded.
The burial acolyte is engulfed in blazing flames.
The burial acolyte explodes!
The fiery explosion engulfs you!!
Ouch! That really hurt!
* * * LOW HITPOINT WARNING * * *
The fiery explosion engulfs the orc zombie!!
The orc zombie explodes!
The fiery explosion engulfs you!!
Ouch! That really hurt!
You die...
Hepliaklqana delivers you to your ancestors.

##### !.. .!! #§#
###+### #○### +##
##.....## ##h§§#
..###...^...###.§#§#
...'.........'...# #
.#.'....⌠§§..'.#.#
...'.........'...#
..###...^...###..#
'## ##....^## ##++
)# ##'#+## .## #...#


There were no monsters in sight!

Vanquished Creatures
  Edmund (D:6)
  A black bear (D:4)
  An ogre (D:5)
  2 centaurs
  4 phantoms
  3 kobold brigands
  2 burial acolytes (Ossuary)
  A jelly (D:4)
  2 bombardier beetles
  A sleepcap (D:5)
  3 iguanas
  3 orc wizards
  6 gnolls (D:4)
  11 adders
  3 river rats
  3 white imps (D:6)
  2 dart slugs
  A ribbon worm (D:3)
  8 orcs
  8 ball pythons
  13 endoplasms
  A giant cockroach (D:3)
  A gnoll zombie (Ossuary)
  8 hobgoblins
  2 jackals (Sewer)
  4 quokkas
  7 bats
  A frilled lizard (D:1)
  8 goblins
  19 kobolds
  A kobold zombie (Ossuary)
  2 orc zombies (Ossuary)
  6 rats
139 creatures vanquished.

Notes
Turn   | Place    | Note
-------+----------+-------------------------------------------
     0 | D:1      | Cobbler the Draconian Shapeshifter began the quest for the
                  | Orb.
     0 | D:1      | Reached XP level 1. HP: 16/16 MP: 1/1
   250 | D:1      | Reached XP level 2. HP: 9/23 MP: 2/2
  1040 | D:2      | You fall into a shaft and drop 2 floors!
  1248 | D:3      | Reached XP level 3. HP: 23/28 MP: 3/3
  1253 | D:3      | Found a glowing drain.
  1306 | D:3      | Reached skill level 4 in Unarmed Combat
  1318 | Sewer    | Entered a sewer
  1330 | Sewer    | Reached XP level 4. HP: 3/35 MP: 4/4
  1330 | Sewer    | HP: 1/35 [rat (2)]
  1517 | Sewer    | Noticed a kobold brigand
  1557 | Sewer    | Killed a kobold brigand
  1558 | Sewer    | Reached XP level 5. HP: 7/40 MP: 5/5
  1765 | Sewer    | Found a white marble altar of Elyvilon.
  2087 | D:3      | Found a faded altar of an unknown god.
  2849 | D:2      | Reached skill level 5 in Unarmed Combat
  3116 | D:4      | Identified the +0 robe "Omusuth" {Int+3}
  3144 | D:4      | Reached XP level 6. HP: 37/48 MP: 6/6
  3332 | D:4      | Reached skill level 6 in Unarmed Combat
  3488 | D:4      | Your scales start taking on a glossy black colour.
  3488 | D:4      | Reached XP level 7. HP: 55/55 MP: 7/7
  3488 | D:4      | Gained mutation: You are resistant to electric shocks.
                  | (rElec) [Black Draconian growth]
  3762 | D:5      | Entered Level 5 of the Dungeon
  3797 | D:5      | Reached skill level 1 in Stealth
  3810 | D:5      | Found Cenappas's Assorted Antiques.
  3898 | D:5      | Reached skill level 7 in Unarmed Combat
  4555 | D:6      | Noticed Edmund
  4568 | D:6      | Killed Edmund
  4569 | D:6      | Reached XP level 8. HP: 26/62 MP: 8/8
  4912 | D:6      | Reached skill level 8 in Unarmed Combat
  4974 | D:6      | Found a staircase to the Ecumenical Temple.
  4987 | Temple   | Entered the Ecumenical Temple
  5014 | Temple   | Became a worshipper of Hepliaklqana the Forgotten
  5487 | D:7      | Noticed Jeremiah
  5667 | D:7      | Found a sand-covered staircase.
  5672 | Ossuary  | Entered an ossuary
  5758 | Ossuary  | Killed by an exploding orc zombie... ignited by their inner
                  | flame

Illustrated notes

Levels and vault maps discovered:
D:1:      erik_arrival_cave_to_civilisation [erik_arrival_cave_to_hall],
          layout_loops_ring
D:2:      layout_basic, chequers_serial_rivers_marsh
D:3:      layout_loops_corners, portal_sewer_entry_c,
          chequers_ecumenical_altar_grove, kennysheep_generic_room_12
D:4:      layout_basic
D:5:      layout_rooms, serial_shops, nicolae_shop_hallway_plus,
          nicolae_twisty_statue_hallways
D:6:      cheibrodos_thug_alley, layout_basic, minmay_temple_entry_water_ring,
          uniq_edmund
D:7:      layout_basic, enter_ossuary_2, uniq_jeremiah
Temple:   minmay_temple_forest_path
Ossuary:  ossuary_crypta

Skill      XL: |  1  2  3  4  5  6  7  8 |
---------------+-------------------------+-----
Dodging        | 2 3 4 |  4.7
Unarmed Combat | 4 5 6 7 8 |  8.7
Fighting       | 2 |  2.9
Stealth        | 1 2 |  2.1
Shapeshifting  | 4 |  4.6

Action                     |  1- 3 |  4- 6 |  7- 9 || total
---------------------------+-------+-------+-------++-------
  Melee: Unarmed           |    90 |   223 |   170 ||   483
         Tailslap          |    10 |    18 |    21 ||    49
         Punch             |     4 |     2 |    14 ||    20
    Use: Scroll            |       |       |     4 ||     4
   Stab: Sleeping          |       |       |     1 ||     1
 Armour: Skin              |    66 |   132 |    97 ||   295
  Dodge: Dodged            |    57 |   103 |    86 ||   246

Table legend: (Time is in decaauts)
 A = Elapsed time spent in this place.
 B = Non-inter-level travel time spent in this place.
 C = Inter-level travel time spent in this place.
 D = Time resting spent in this place.
 E = Time spent auto-exploring this place.
 F = Levels seen in this place.
 G = Mean time per level.
                   A        B        C        D        E       F      G
               +--------+--------+--------+--------+--------+-----+--------+
         Total |   5765 |   5355 |    410 |    441 |   2768 |  10 |  576.5 |
       Dungeon |   5084 |   4718 |    366 |    195 |   2694 |   7 |  726.3 |
        Temple |     55 |     11 |     44 |      0 |      0 |   1 |   55.0 |
         Sewer |    540 |    540 |      0 |    246 |     74 |   1 |  540.0 |
       Ossuary |     83 |     83 |      0 |      0 |      0 |   1 |   83.0 |
               +--------+--------+--------+--------+--------+-----+--------+

Top non-repeatable levels by time:
     D:3: 1078 daAuts
     D:1: 998 daAuts
     D:6: 997 daAuts
     D:4: 741 daAuts
     D:5: 702 daAuts
   Sewer: 540 daAuts
     D:2: 432 daAuts
     D:7: 135 daAuts
 Ossuary: 83 daAuts
  Temple: 55 daAuts
